 Dungeon Crawl Stone Soup version 0.31.0-11-ge490571c62 (webtiles) character file.

Game seed: 13491968575349805478

15831 Skitler the Spear-Bearer (level 12, 0/115 HPs)
             Began as a Hill Orc Monk on Jan 30, 2024.
             Was an Elder of Beogh.
             Slain by a minotaur zombie (16 damage)
             ... in a Gauntlet.
             The game lasted 00:34:12 (11923 turns).

Skitler the Spear-Bearer (Hill Orc Monk)           Turns: 11923, Time: 00:34:14

Health: 0/115      AC: 18    Str: 19    XL:     12   Next: 31%
Magic:  1/18       EV:  7    Int: 10    God:    Beogh [****..]
Gold:   965        SH:  0    Dex: 13    Spells: 11/11 levels left

rFire   x . .        c - +7 halberd of Chagrin {freeze, rF- rN+++ Will- SInv}
rCold   + . .        (shield currently unavailable)
rNeg    + + +        t - +0 plate armour
rPois   +            k - +0 helmet
rElec   .            Q - scarf {repulsion}
rCorr   .            B - +0 pair of gloves
SInv    +            l - +1 pair of boots
Will    .....        O - amulet "Joshres" {rN+ Regen+} Stlth
                     r - ring of poison resistance
HPRegen 1.19/turn    q - ring of protection from cold
MPRegen 0.16/turn

%: no teleportation, repel missiles
@: mighty
A: no striking features
a: Renounce Religion, Smiting, Recall Orcish Followers


You were in a Gauntlet.
You worshipped Beogh.
Beogh was greatly pleased with you.
You visited 1 branch of the dungeon, and saw 12 of its levels.
You also visited: Gauntlet.

You collected 965 gold pieces.

Inventory:

Hand Weapons
 c - the +7 halberd of Chagrin (weapon) {freeze, rF- rN+++ Will- SInv}
   (You found it in a Gauntlet)

   rF-:       It makes you vulnerable to fire.
   rN+++:     It renders you almost immune to negative energy.
   Will-:     It decreases your willpower.
   SInv:      It lets you see invisible.
 p - a +3 trident of draining
 u - a +1 spear of venom
 y - a +1 halberd of freezing
 P - the +8 great sword "Lygunut" {flame, rF+}
   (You found it on level 10 of the Dungeon)

   rF+:       It protects you from fire.
Missiles
 I - a throwing net (quivered)
Armour
 b - a +0 robe
 d - an orb of light
 i - a +0 ring mail
 k - a +0 helmet (worn)
 l - a +1 pair of boots (worn)
 t - a +0 plate armour (worn)
 v - an orb of energy
 B - a +0 pair of gloves (worn)
 J - a +2 scale mail of fire resistance
 Q - a scarf of repulsion (worn)
 S - a +0 cloak of poison resistance
Magical Staves
 e - a staff of earth
Jewellery
 q - a ring of protection from cold (right hand)
 r - a ring of poison resistance (left hand)
 H - a ring of positive energy
 N - a ring of flight
 O - the amulet "Joshres" (around neck) {rN+ Regen+}
   (You found it in a Gauntlet)

   [amulet of regeneration]

   rN+:       It protects you from negative energy.
   Regen+:    It increases your rate of health regeneration.
Wands
 w - a wand of mindburst (7)
 z - a wand of charming (13)
 C - a wand of polymorph (12)
 D - a wand of flame (29)
Scrolls
 g - 6 scrolls of teleportation
 n - 2 scrolls of fear
 x - 2 scrolls of immolation
 E - 2 scrolls of torment
 G - 2 scrolls of noise
 L - a scroll of amnesia
 R - a scroll of butterflies {unknown}
Potions
 a - 4 potions of lignification
 h - 2 potions of mutation
 m - 3 potions of curing
 o - 7 potions of attraction
 s - a potion of invisibility {unknown}
 A - a potion of magic {unknown}
 F - 2 potions of resistance {unknown}
 K - 2 potions of degeneration {unknown}
 M - a potion of brilliance {unknown}


   Skills:
 * Level 13.4 Fighting
 - Level 5.6(12.0) Axes
 + Level 13.9(14.2) Polearms
 - Level 7.4 Armour
 + Level 3.6 Dodging
 * Level 8.3 Invocations


You had 11 spell levels left.
You didn't know any spells.
Your spell library contained the following spells:

 Spells                   Type           Power      Damage    Failure   Level
 Apportation              Tloc           0%         N/A       100%        1
 Kiss of Death            Conj/Necr      0%         2d5       100%        1
 Necrotise                Necr           0%         1d4       100%        1
 Sandblast                Erth           0%         2d4       100%        1
 Sting                    Conj/Alch      0%         1d3       100%        1
 Summon Small Mammal      Summ           0%         N/A       100%        1
 Jinxbite                 Hex            0%         N/A       100%        2
 Call Canine Familiar     Summ           0%         N/A       100%        3
 Confusing Touch          Hex            0%         N/A       100%        3
 Ozocubu's Armour         Ice            0%         N/A       100%        3
 Passwall                 Erth           0%         N/A       100%        3
 Sigil of Binding         Hex            0%         N/A       100%        3
 Stone Arrow              Conj/Erth      0%         3d7       100%        3
 Summon Ice Beast         Ice/Summ       0%         N/A       100%        3
 Tukima's Dance           Hex            0%         N/A       100%        3
 Animate Dead             Necr           0%         N/A       100%        4
 Brom's Barrelling Bould  Conj/Erth      0%         2d3       100%        4
 Dimensional Bullseye     Hex/Tloc       0%         N/A       100%        4
 Dispel Undead            Necr           0%         3d6       100%        4
 Passage of Golubria      Tloc           0%         N/A       100%        4
 Metabolic Englaciation   Hex/Ice        0%         N/A       100%        5
 Silence                  Hex/Air        0%         N/A       100%        5
 Summon Mana Viper        Hex/Summ       0%         N/A       100%        5
 Yara's Violent Unravell  Hex/Alch       0%         3d3       100%        5
 Sculpt Simulacrum        Ice/Alch       0%         N/A       100%        6
 Haunt                    Necr/Summ      0%         N/A       100%        7
 Monstrous Menagerie      Summ           0%         N/A       100%        7
 Ignition                 Fire           0%         3d3       100%        8
 Infestation              Necr           0%         N/A       100%        8
 Lehudib's Crystal Spear  Conj/Erth      0%         10d2      100%        8


Dungeon Overview and Level Annotations

Branches:
Dungeon (12/15)            Temple (0/1) D:7            Lair (0/5) D:11
    Orc (0/2) D:10        Gauntlet (1/1)

Altars:
Ashenzari
Dithmenos
Elyvilon
Gozag
Makhleb
Nemelex Xobeh
Qazlal
Sif Muna
Trog
Wu Jian
Xom
Zin
The Shining One

Shops:
D:8 :   D:11 *

Annotations:
Gauntlet 6 transporters


Message History

Beogh accepts your kill.
You slash the minotaur zombie!
The minotaur zombie is lightly damaged.
The minotaur zombie hits you!
* * * LOW HITPOINT WARNING * * *
The minotaur zombie closely misses you.
You puncture the minotaur zombie!
The minotaur zombie is lightly damaged.
You barely miss the minotaur zombie.
The minotaur zombie is lightly damaged.
The minotaur zombie hits you but does no damage.
The minotaur zombie gores you but does no damage.
Press: ? - help, v - describe, . - travel, g - get item
Here: a minotaur zombie (lightly damaged)
Items here: $ ( ) [.
The floor, spattered with blood.
Okay, then.
Aiming: Smiting
Press: ? - help, Dir - move target, f - minotaur zombie Smite: a minotaur zombie (lightly damaged)
You smite the minotaur zombie!!
The minotaur zombie is moderately damaged.
You can no longer walk on water.
You can no longer give items to your followers.
The minotaur zombie hits you.
* * * LOW HITPOINT WARNING * * *
The minotaur zombie barely misses you.
Aiming: Smiting
Press: ? - help, Dir - move target, f/p - minotaur zombie Smite: a minotaur zombie (moderately damaged)
You smite the minotaur zombie!
The minotaur zombie is heavily damaged.
Unknown command.
Aiming: Smiting
Press: ? - help, Dir - move target, f/p - minotaur zombie Smite: a minotaur zombie (heavily damaged)
You smite the minotaur zombie!!
The minotaur zombie is severely damaged.
The minotaur zombie hits you!
You die...

#^#(#..#≈8≈#
^#.J#..#...######
#^#$#..#.8.##...#
^#..#..#...##.#.#
#.#^#..#.8....#.# #
....#..#...##.#.# '##
#####..#...##...# .⌠.#
......≈#.©.##.#.##∩...#
......∩#......#.@Z...⌠+
......≈#.©.##.#.##.⌠..#
#####..#...##...# +###
....#..#...##.#.#
##..#..#.8....#.#
..#.#..#...##.#.#
..#(#..#.8.##...#
##.©#..#...######
.^#.#..#≈8≈#


You could see a minotaur zombie.

Vanquished Creatures
  A minotaur (Gauntlet)
  Harold (D:9)
  A hydra (D:11)
  2 death yaks (D:11)
  3 two-headed ogres
  A boulder beetle (D:11)
  A lightning spire (Gauntlet)
  A cyclops (D:11)
  Jeremiah (D:6)
  A komodo dragon (D:6)
  A red devil (Gauntlet)
  A raiju (Gauntlet)
  A troll (D:9)
  Prince Ribbit (D:6)
  Sigmund (D:5)
  3 centaur simulacra (Gauntlet)
  10 yaks
  2 water moccasins
  4 ice beasts
  4 black bears
  8 ogres
  An orc warrior (D:8)
  3 wolves (D:9)
  A centaur (D:9)
  3 phantoms
  3 kobold brigands
  A cane toad simulacrum (Gauntlet)
  3 scorpions
  A wight (D:8)
  4 killer bees (D:6)
  2 howler monkeys (D:8)
  2 bombardier beetles
  8 hounds
  A jelly (D:6)
  4 sleepcaps
  4 iguanas
  2 orc wizards
  A hell rat (D:11)
  A boggart simulacrum (Gauntlet)
  3 gnolls (D:4)
  10 adders
  A river rat (D:11)
  A shadow imp (D:7)
  4 ufetubi (D:5)
  3 dart slugs
  A ribbon worm (D:2)
  5 orcs
  6 endoplasms
  2 giant cockroaches
  8 goblins
  7 hobgoblins
  13 kobolds
  5 quokkas
  12 ball pythons
  3 bats
  2 frilled lizards
  4 rats
184 creatures vanquished.

Vanquished Creatures (collateral kills)
  A spark wasp (D:11)
  A death yak (D:11)
  Lodul (D:10)
  A kobold demonologist (D:11)
  3 trolls
  8 yaks
  A wraith (D:12)
  Grum (D:9)
  An orc warrior (D:7)
  A wolf (D:9)
  An ogre (D:10)
  3 kobold brigands
  3 bullfrogs
  A scorpion (D:6)
  3 wights
  A howler monkey (D:8)
  An orc priest (D:8)
  An orc wizard (D:8)
  A hell rat (D:11)
  3 white imps
  An orc (D:7)
  A quokka (D:11)
  8 kobolds
  3 rats (D:11)
50 creatures vanquished.

Vanquished Creatures (others)
  An orc knight (D:9)
  An orc warrior (D:9)
  An orc wizard (D:9)
  6 orcs
9 creatures vanquished.

Grand Total: 243 creatures vanquished

Notes
Turn   | Place    | Note
-------+----------+-------------------------------------------
     0 | D:1      | Skitler the Hill Orc Monk began the quest for the Orb.
     0 | D:1      | Reached XP level 1. HP: 19/19 MP: 1/1
   103 | D:1      | Reached XP level 2. HP: 27/27 MP: 2/2
   546 | D:2      | Reached XP level 3. HP: 33/33 MP: 3/3
   587 | D:2      | Reached skill level 1 in Armour
   632 | D:2      | Reached skill level 5 in Axes
   804 | D:2      | Reached XP level 4. HP: 41/41 MP: 4/4
  1177 | D:3      | Reached XP level 5. HP: 42/47 MP: 5/5
  1183 | D:3      | Became a worshipper of Beogh the Brigand
  1183 | D:3      | Reached * piety under Beogh
  1183 | D:3      | Reached ** piety under Beogh
  1739 | D:4      | Reached skill level 1 in Polearms
  2086 | D:4      | Noticed an ogre
  2098 | D:4      | Killed an ogre
  2099 | D:4      | Reached skill level 5 in Fighting
  2099 | D:4      | Reached XP level 6. HP: 56/56 MP: 6/6
  2147 | D:4      | Found a glowing silver altar of Zin.
  2557 | D:4      | Noticed a black bear
  2566 | D:4      | Killed a black bear
  2567 | D:4      | Reached XP level 7. HP: 59/61 MP: 7/7
  2959 | D:5      | Entered Level 5 of the Dungeon
  3291 | D:5      | Noticed Sigmund
  3470 | D:5      | Reached skill level 5 in Polearms
  3542 | D:5      | Killed Sigmund
  3543 | D:5      | Reached XP level 8. HP: 64/71 MP: 8/8
  3752 | D:5      | Found an ornate altar of the Wu Jian Council.
  4468 | D:6      | Reached XP level 9. HP: 68/80 MP: 9/9
  4481 | D:6      | Reached *** piety under Beogh
  4732 | D:6      | Noticed Prince Ribbit
  4741 | D:6      | Killed Prince Ribbit
  4742 | D:6      | Reached skill level 5 in Armour
  4766 | D:6      | Found a shimmering altar of Xom.
  5087 | D:6      | Noticed Jeremiah
  5099 | D:6      | Killed Jeremiah
  5636 | D:6      | Reached skill level 1 in Invocations
  5707 | D:6      | Noticed a komodo dragon
  5714 | D:6      | Killed a komodo dragon
  5834 | D:6      | Reached skill level 10 in Polearms
  5935 | D:7      | Found a staircase to the Ecumenical Temple.
  6004 | D:7      | Reached XP level 10. HP: 91/91 MP: 11/11
  6061 | D:7      | Found an opulent altar of Gozag.
  6137 | D:7      | Found a broken altar of Ashenzari.
  6513 | D:7      | Reached **** piety under Beogh
  6711 | D:8      | Found a shadowy altar of Dithmenos.
  6712 | D:8      | Found a sparkling altar of Nemelex Xobeh.
  6715 | D:8      | Found a white marble altar of Elyvilon.
  6716 | D:8      | Found a bloodstained altar of Trog.
  7007 | D:8      | Reached skill level 10 in Fighting
  7167 | D:8      | Found Orramam's Book Shoppe.
  7424 | D:9      | Noticed Harold
  7700 | D:9      | Killed Harold
  7927 | D:9      | Identified the +1 scale mail "Mobig" {Dex+2}
  8029 | D:9      | Noticed Grum
  8040 | D:9      | Killed Grum
  8411 | D:9      | Reached skill level 5 in Invocations
  8421 | D:9      | Noticed a two-headed ogre
  8424 | D:9      | Killed a two-headed ogre
  8425 | D:9      | Reached XP level 11. HP: 101/101 MP: 14/14
  8631 | D:9      | Found a shimmering blue altar of Sif Muna.
  8713 | D:10     | Entered Level 10 of the Dungeon
  8738 | D:10     | Gained Learuk as an ally
  8840 | D:10     | Reached ***** piety under Beogh
  8954 | D:10     | Noticed a centaur warrior
  8954 | D:10     | Noticed a two-headed ogre
  9035 | D:10     | Found a staircase to the Orcish Mines.
  9131 | D:10     | Noticed a two-headed ogre
  9137 | D:10     | Killed a two-headed ogre
  9144 | D:10     | Found a burning altar of Makhleb.
  9144 | D:10     | Noticed a cacodemon
  9160 | D:10     | Found a stormy altar of Qazlal.
  9232 | D:10     | Identified the +8 great sword "Lygunut" {flame, rF+}
  9238 | D:10     | Noticed Lodul
  9245 | D:10     | Killed Lodul
  9643 | D:10     | Found a glowing golden altar of the Shining One.
  9777 | D:11     | Noticed a two-headed ogre
  9784 | D:11     | Killed a two-headed ogre
  9816 | D:11     | Noticed a six-headed hydra
  9817 | D:11     | Noticed a boulder beetle
  9820 | D:11     | Killed a six-headed hydra
  9835 | D:11     | Killed a boulder beetle
  9998 | D:11     | Noticed a cyclops
 10007 | D:11     | Killed a cyclops
 10019 | D:11     | Noticed a boulder beetle
 10021 | D:11     | Noticed a death yak
 10024 | D:11     | Noticed a death yak
 10030 | D:11     | Noticed a death yak
 10055 | D:11     | Killed a death yak
 10068 | D:11     | Killed a death yak
 10071 | D:11     | Killed a death yak
 10080 | D:11     | a boulder beetle changed into a spark wasp
 10080 | D:11     | Noticed a spark wasp
 10081 | D:11     | Killed a spark wasp
 10082 | D:11     | Reached XP level 12. HP: 12/113 MP: 17/17
 10389 | D:11     | Found a staircase to the Lair.
 10527 | D:11     | Found Curulim's General Store.
 10951 | D:12     | Found a gate leading to a gauntlet.
 10969 | Gauntlet | Entered a Gauntlet
 10969 | Gauntlet | Found a transporter.
 10969 | Gauntlet | Found a transporter.
 10969 | Gauntlet | Found a transporter.
 10970 | Gauntlet | Found a transporter.
 10973 | Gauntlet | Found a transporter.
 10973 | Gauntlet | Found a transporter.
 10979 | Gauntlet | Noticed a hell beast
 10980 | Gauntlet | Noticed a catoblepas
 10985 | Gauntlet | Found a transporter.
 10987 | Gauntlet | Found a transporter.
 10996 | Gauntlet | Noticed a quicksilver ooze
 10997 | Gauntlet | Found a transporter.
 11100 | Gauntlet | Found a transporter.
 11104 | Gauntlet | Found a transporter.
 11114 | Gauntlet | Found a transporter.
 11570 | Gauntlet | Identified the +7 halberd of Chagrin {freeze, rF- rN+++
                  | Will- SInv}
 11597 | Gauntlet | a hell beast changed into a red devil
 11821 | Gauntlet | Identified the amulet "Joshres" {rN+ Regen+}
 11834 | Gauntlet | Got the Codex of Calescent Malediction
 11905 | Gauntlet | Found the +5 robe of Misfortune {Harm *Corrode *Slow EV+5}
 11905 | Gauntlet | Identified the +5 ring mail of Hangman {*Slow rF+ Will+++}
 11905 | Gauntlet | Noticed a minotaur
 11917 | Gauntlet | Killed a minotaur
 11923 | Gauntlet | Slain by a minotaur zombie

Illustrated notes

Levels and vault maps discovered:
D:1:      saegor_arrival_simple_e, layout_rooms, minmay_tetromino_i4
D:2:      layout_rooms, st_stairs_2
D:3:      layout_basic, minmay_misc_feat_iff, nicolae_figureground_pulse
D:4:      layout_basic, overflow_temple_1_default
D:5:      layout_cave_pools, nzn_wu_jian_council_hall, uniq_sigmund
D:6:      cheibrodos_barr_body, layout_loops_ring,
          regret_index_xom_buried_treasure, serial_co_window_serial,
          co_window_paths_a, co_window_of_opportunity_a,
          co_window_of_opportunity_a, co_window_paths_a,
          co_window_of_opportunity_a, co_window_corner_a, co_window_paths_a,
          co_window_of_opportunity_a, co_window_paths_a, co_window_corner_b,
          co_window_broadway_a, co_window_corner_b, glass_columns_c,
          glass_columns_b, glass_columns_a, uniq_prince_ribbit1, uniq_jeremiah
D:7:      layout_loops_ring, nicolae_overflow_crystal_walls,
          grunt_gozag_breadcrumbs, minmay_temple_entry_offerings, st_stairs_2,
          minmay_microvault
D:8:      layout_rooms, nicolae_overflow_macrodata_refinement, serial_curves,
          eino_curves_04, eino_curves_03, eino_curves_03, eino_curves_01,
          kennysheep_nub, nicolae_stop_n_shop_1
D:9:      layout_cave_pools, tgw_sif, uniq_harold, uniq_grum
D:10:     layout_roguey, kennysheep_mini, tso_oasis_becter,
          makhleb_altar_promises_db, orc_0_dummy, lightli_corner_chamber,
          uniq_lodul
D:11:     layout_stronghold, dpeg_lair_monsters, serial_shops,
          nicolae_shop_advertising_works [nicolae_subvault_shop_adworks]
D:12:     layout_basic, gauntlet_entry_generic
Gauntlet: gammafunk_gauntlet_hard_choice [nicolae_gauntlet_arena_blocks,
          gammafunk_gauntlet_arena_corners, gammafunk_gauntlet_arena_teeth,
          gammafunk_gauntlet_arena_open, gammafunk_gauntlet_arena_grid,
          nicolae_gauntlet_arena_quarters, gauntlet_exit_hidden_loot]

Skill      XL: |  1  2  3  4  5  6  7  8  9 10 11 12 |
---------------+-------------------------------------+-----
Fighting       | 4 5 6 7 9 10 12 13 | 13.4
Armour         | 1 2 3 4 5 7 |  7.4
Axes           | 5 |  5.6
Polearms       | 2 3 5 8 10 11 13 | 13.9
Dodging        | 3 |  3.6
Invocations    | 1 5 7 8 |  8.3

Action                     |  1- 3 |  4- 6 |  7- 9 | 10-12 || total
---------------------------+-------+-------+-------+-------++-------
  Melee: Hand axe          |    86 |    33 |       |       ||   119
         Spear             |       |    93 |   239 |       ||   332
         Trident           |       |       |    56 |   301 ||   357
         Halberd           |       |       |       |    30 ||    30
  Throw: Throwing net      |       |       |       |     3 ||     3
 Invoke: Convert to Beogh  |       |     1 |       |       ||     1
         Smiting           |       |       |       |     6 ||     6
         Recall Orcish Fol |       |       |       |     1 ||     1
  Evoke: Wand              |       |       |     1 |     2 ||     3
    Use: Scroll            |       |       |    13 |     6 ||    19
         Potion            |       |       |     2 |     8 ||    10
   Stab: Held in net/web   |       |       |       |     5 ||     5
         Distracted        |       |       |       |     1 ||     1
 Armour: Robe              |     6 |       |       |       ||     6
         Ring mail         |    47 |    20 |       |       ||    67
         Plate armour      |       |    64 |   253 |   345 ||   662
  Dodge: Dodged            |    57 |    29 |    70 |   126 ||   282
